AoeStats
← Linkg

Arabia

508731085Analyzed
1v1 RM · 8d ago on Sep 23, 2026· 23m 26s· 2 players
Game mode
Random Map
Map size
Tiny (2 player)
Population
200
Speed
Normal
Resources
Standard
Victory
Conquest
Starting age
Dark Age
Ending age
Imperial Age
RankedLock teamsTeams togetherTeam positionsShared explorationLock speedFull tech treeHidden civsTurbo modeCheats
Victory
Defeat
🇨🇷 Mongols · Costa Rica
1422
+17
🇧🇷 Spanish · Brazil
1453
-17
Linkg
6:10 Loom
8:25 Feudal Age
9:28 Double-Bit Axe
19:01 Castle Age
18:06 Gold Mining
20:15 Bloodlines
20:28 Fletching
20:39 Padded Archer Armor
21:26 Bodkin Arrow
sabbag.gui
8:44 Loom
10:41 Feudal Age
15:33 Castle Age
15:08 Double-Bit Axe
21:58 Padded Archer Armor
Connection lost

Rejoining the realm…

Still unreachable

The connection could not be restored.

Session expired

The server has moved on; the page needs a fresh start.